 Dungeon Crawl Stone Soup version 0.29.1-1-gd02db6906a (webtiles) character file.

Game seed: 3622828745796999384

16 lonewolfV2 the Chopper (level 2, -4/27 HPs)
             Began as a Minotaur Berserker on Oct 17, 2022.
             Was a Follower of Trog.
             Slain by Sigmund
             ... wielding a +0 scythe
              (9 damage)
             ... on level 2 of the Dungeon.
             The game lasted 00:01:01 (820 turns).

lonewolfV2 the Chopper (Minotaur Berserker)          Turns: 820, Time: 00:01:02

Health: -4/27      AC:  2    Str: 21    XL:     2   Next: 41%
Magic:  1/1        EV: 12    Int:  4    God:    Trog [*.....]
Gold:   40         SH:  0    Dex:  9    Spells: 1/1 levels left

rFire   . . .      SeeInvis .   a - +0 hand axe
rCold   . . .      Faith    .   (no shield)
rNeg    . . .      Spirit   .   b - +0 animal skin
rPois   .          Reflect  .   (helmet restricted)
rElec   .          Harm     .   (no cloak)
rCorr   .          Rampage  .   (no gloves)
Will    .....                   (no boots)
Stlth   +.........              (no amulet)
HPRegen 0.09/turn               (no ring)
MPRegen 0.07/turn               (no ring)

@: confused, slowed, very slow
A: horns 2, retaliatory headbutt
a: Renounce Religion, Berserk


You were on level 2 of the Dungeon.
You worshipped Trog.
Trog was aware of your devotion.
You visited 1 branch of the dungeon, and saw 2 of its levels.

You collected 40 gold pieces.

Inventory:

Hand Weapons
 a - a +0 hand axe (weapon)
Armour
 b - a +0 animal skin (worn)
Jewellery
 i - a ring of flight
 k - an amulet of reflection
Scrolls
 e - a scroll of silence {unknown}
 f - 2 scrolls of identify {unknown}
 g - a scroll of teleportation {unknown}
 h - 2 scrolls of noise {unknown}
 j - a scroll of vulnerability {unknown}
Potions
 d - a potion of magic {unknown}
 l - a potion of heal wounds {unknown}


   Skills:
 + Level 3.9 Fighting
 + Level 3.9 Axes
 + Level 2.8 Armour
 + Level 2.5 Dodging


You had one spell level left.
You didn't know any spells.
Your spell library was empty.

Dungeon Overview and Level Annotations

Branches:
Dungeon (2/15)

Altars:

Annotations:
D:2 Natasha, Sigmund


Innate Abilities, Weirdness & Mutations

You have a pair of horns on your head.
You reflexively headbutt those who attack you in melee.


Message History

Sigmund shouts!
You hear a shout!
Natasha, Servant of Life and Death comes into view.
She is carrying a wand of digging (4).
The rat bites you but does no damage.
Natasha hisses angrily.
You hit the rat but do no damage. The rat barely misses you.
Natasha zaps a wand.
Some rock shatters into small pieces.
You closely miss the rat. Your headbutt misses the rat.
The rat bites you but does no damage.
Sigmund hits you from afar with a +0 scythe.
A goblin comes into view. It is wielding a +0 club.
The goblin closely misses you. The rat closely misses you.
You furiously retaliate!
You headbutt the rat!
You kill the rat!
Trog accepts your kill.
It was a potion of curing.
You feel better. Sigmund barely misses you. The goblin barely misses you.
The goblin hits you with a +0 club. Sigmund hits you with a +0 scythe!
You hit Sigmund. Your headbutt misses Sigmund.
Sigmund is lightly wounded.
You hit the goblin.
You kill the goblin!
Trog accepts your kill.
Natasha stares at you and mumbles some strange words.
You feel yourself slow down.
You feel better.
Sigmund points at you and mumbles some strange words.
You are confused.
Sigmund closely misses you.
Natasha stares at you and mumbles some strange words.
The magic dart hits you! Sigmund barely misses you.
You're too confused to move!
Natasha barely misses you.
A goblin comes into view. It is wielding a +0 dagger.
Sigmund barely misses you.
Natasha hisses.
Natasha closely misses you.
Unknown command.
Natasha claws you.
* * * LOW HITPOINT WARNING * * *
Sigmund hits you from afar with a +0 scythe!
You die...

#..######)##..# .####
###.# ###..##..#
......#.<.####.........
.. #.......##.........
..####..####............
.g.................†....
......#########.........
.............##.........
.(.....@.....##..##.##.#
##....h.<.......#...##.#
......@............###.#
..#....)#######..#.# #.#
#........ ....##.###.#
#.####...........#..##.#
# ##########..##.##.#
####.....) #.....[


You could see Sigmund, Natasha and a goblin.

Vanquished Creatures
  4 ball pythons
  A bat (D:2)
  An endoplasm (D:2)
  2 giant cockroaches
  A goblin (D:2)
  A hobgoblin (D:1)
  2 frilled lizards (D:1)
  A kobold (D:2)
  2 rats
15 creatures vanquished.

Notes
Turn   | Place    | Note
-------+----------+-------------------------------------------
     0 | D:1      | lonewolfV2 the Minotaur Berserker began the quest for the
                  | Orb.
     0 | D:1      | Reached XP level 1. HP: 19/19 MP: 0/0
   348 | D:1      | Found a faded altar of an unknown god.
   431 | D:1      | Reached XP level 2. HP: 19/27 MP: 1/1
   809 | D:2      | Noticed Sigmund
   811 | D:2      | Noticed Natasha
   820 | D:2      | Slain by Sigmund

Illustrated notes

Levels and vault maps discovered:
D:1:      eino_arrival_druids_welcome, layout_loops_ring,
          shapermc_ecumenical_altar_acropolis, kennysheep_decorative_pillar
D:2:      layout_rooms, uniq_sigmund, uniq_natasha

Action                   || total
-------------------------++-------
Melee: Hand axe          ||    29
       Headbutt          ||     2
  Use: Potion            ||     2
Armor: Animal skin       ||     8
Dodge: Dodged            ||    30
